 Dungeon Crawl Stone Soup version 0.30.1-11-g7821555f0a (webtiles) character file.

Game seed: 3961899128879702841

367 Wiggles the Chopper (level 6, -2/56 HPs)
             Began as a Minotaur Berserker on Dec 14, 2023.
             Was a Believer of Trog.
             Killed from afar by an orc wizard (3 damage)
             ... with a magic dart
             ... on level 4 of the Dungeon.
             The game lasted 00:05:19 (2885 turns).

Wiggles the Chopper (Minotaur Berserker)            Turns: 2885, Time: 00:05:19

Health: -2/56      AC: 10    Str: 23    XL:     6   Next: 41%
Magic:  5/5        EV:  9    Int:  4    God:    Trog [**....]
Gold:   164        SH:  0    Dex: 10    Spells: 5/5 levels left

rFire   . . .        a - +0 hand axe
rCold   . . .        (no shield)
rNeg    . . .        u - +0 chain mail
rPois   .            (helmet restricted)
rElec   .            o - +0 cloak {Will+}
rCorr   .            (no gloves)
SInv    .            (no boots)
Will    +....        (no amulet) Stlth
                     (no ring)
HPRegen 0.29/turn    (no ring)
MPRegen 0.09/turn

%: no passive effects
@: on berserk cooldown, slowed, very slow
A: horns 2, retaliatory headbutt
a: Renounce Religion, Berserk, Trog's Hand


You were on level 4 of the Dungeon.
You worshipped Trog.
Trog was pleased with you.
You visited 1 branch of the dungeon, and saw 4 of its levels.

You collected 164 gold pieces.

Inventory:

Hand Weapons
 a - a +0 hand axe (weapon)
Armour
 o - a +0 cloak of willpower (worn)
 u - a +0 chain mail (worn)
Jewellery
 i - a ring of ice
Scrolls
 d - 3 scrolls of identify {unknown}
 f - 2 scrolls of enchant armour {unknown}
 j - a scroll of enchant weapon {unknown}
 k - 2 scrolls of fog {unknown}
 m - a scroll of noise {unknown}
 n - a scroll of summoning {unknown}
 t - a scroll of teleportation {unknown}
Potions
 b - a potion of brilliance {unknown}
 c - a potion of resistance {unknown}
 e - a potion of magic {unknown}
 g - a potion of mutation {unknown}
 h - a potion of heal wounds {unknown}
 l - 2 potions of curing {unknown}
 p - 2 potions of berserk rage {unknown}
 r - a potion of ambrosia {unknown}
 s - a potion of might {unknown}


   Skills:
 + Level 5.0 Fighting
 + Level 6.8 Axes
 + Level 4.2 Armour
 + Level 2.9 Dodging
 + Level 0.2 Stealth


You had 5 spell levels left.
You didn't know any spells.
Your spell library was empty.

Dungeon Overview and Level Annotations

Branches:
Dungeon (4/15)
 Temple: D:4-7

Altars:
Xom

Shops:
D:1 *

Annotations:
D:4 Edmund


Innate Abilities, Weirdness & Mutations

You have a pair of horns on your head.
You reflexively headbutt those who attack you in melee.


Message History

You hit something but do no damage. Edmund completely misses you.
Something hits you but does no damage.
You hit Edmund but do no damage.
Edmund is moderately wounded.
You closely miss something. Edmund barely misses you.
Something hits you but does no damage. Edmund closely misses you.
Something hits you but does no damage.
You hit Edmund. You headbutt Edmund, but do no damage.
Edmund is moderately wounded.
You miss something. Edmund hits you but does no damage.
Something hits you but does no damage.
You barely miss Edmund.
Edmund is moderately wounded.
You barely miss something. Edmund completely misses you.
You furiously retaliate!
You headbutt Edmund. Something hits you but does no damage.
You hit Edmund but do no damage. Your headbutt misses Edmund.
Edmund is moderately wounded.
You hit something but do no damage. Edmund hits you but does no damage.
Something hits you but does no damage. Edmund misses you.
Something hits you but does no damage.
You hit Edmund but do no damage.
Edmund is moderately wounded.
You hit something. Edmund hits you but does no damage.
Something hits you but does no damage.
You hit Edmund but do no damage.
Edmund is moderately wounded.
You hit something.
Edmund hits you with a +1 flail of protection!
* * * LOW HITPOINT WARNING * * *
Something hits you but does no damage. x2; Edmund hits you but does no damage.
You slash Edmund!
Edmund is heavily wounded.
You closely miss something.
Edmund hits you with a +1 flail of protection!
* * * LOW HITPOINT WARNING * * *
You hear some strange, mumbled words.
A magic dart appears from out of thin air!
The magic dart hits you.
You die...

#.≈.≈≈§.≈.#.# #+#
#.........#.#.#.# .
#.≈≈≈≈≈≈≈..+#.#.#+####
..#.............#......#
..'.............#......#
#.............#......#
#....@{)......#......#
#....@.)......#.#'####
#...............#.....
#............##.#####.
#####.................
#.......###.######
#.......+ >.......
#.......# ########
#########


You could see Edmund.

Vanquished Creatures
  A phantom (D:3)
  A jelly (D:3)
  An orc priest (D:4)
  Crazy Yiuf (D:2)
  Natasha (thrice) (D:2)
  An orc wizard (D:3)
  2 adders (D:3)
  A worm (D:3)
  A dart slug (D:1)
  7 orcs
  7 ball pythons
  5 bats
  4 endoplasms
  2 giant cockroaches
  6 goblins
  8 hobgoblins
  6 jackals (D:1)
  4 quokkas
  3 frilled lizards (D:1)
  5 kobolds
  4 rats
73 creatures vanquished.

Notes
Turn   | Place    | Note
-------+----------+-------------------------------------------
     0 | D:1      | Wiggles the Minotaur Berserker began the quest for the Orb.
     0 | D:1      | Reached XP level 1. HP: 19/19 MP: 0/0
    23 | D:1      | Found a faded altar of an unknown god.
    42 | D:1      | Found Qis Xes's Assorted Antiques.
   189 | D:1      | Reached XP level 2. HP: 18/27 MP: 1/1
   251 | D:1      | Reached skill level 4 in Axes
   634 | D:2      | Reached ** piety under Trog
   635 | D:2      | Reached XP level 3. HP: 33/33 MP: 2/2
   991 | D:2      | Found a shimmering altar of Xom.
  1025 | D:2      | Found a runed translucent door.
  1026 | D:2      | Noticed Crazy Yiuf
  1036 | D:2      | Killed Crazy Yiuf
  1037 | D:2      | Reached skill level 5 in Axes
  1148 | D:2      | Reached XP level 4. HP: 41/41 MP: 3/3
  1205 | D:2      | Noticed Natasha
  1208 | D:2      | Killed Natasha
  1312 | D:2      | Noticed Natasha
  1319 | D:2      | Killed Natasha
  1562 | D:2      | Noticed Natasha
  1573 | D:2      | Killed Natasha
  1574 | D:2      | Reached XP level 5. HP: 32/47 MP: 4/4
  1847 | D:3      | Reached skill level 6 in Axes
  2299 | D:3      | Noticed a phantom
  2319 | D:3      | Killed a phantom
  2320 | D:3      | Reached XP level 6. HP: 47/55 MP: 5/5
  2866 | D:4      | Noticed Edmund
  2875 | D:4      | Reached skill level 5 in Fighting
  2885 | D:4      | HP: 1/56 [Edmund/+1 flail of protection (8)]
  2885 | D:4      | Killed from afar by an orc wizard

Illustrated notes

Levels and vault maps discovered:
D:1:      tarquinn_simple_flora_water_a, layout_basic,
          shapermc_ecumenical_altar_mp_highgroup, serial_shops, shop,
          chequers_serial_rivers_micro_a
D:2:      layout_loops_ring, basic_altar, hex_tiny, minmay_pentomino_v4,
          uniq_crazy_yiuf_cottage, uniq_natasha
D:3:      layout_basic, minmay_misc_feat_encased
D:4:      layout_basic, xom_teletrap_fun, mainiacjoe_overflow_cross_hatched,
          minmay_temple_entry_stoned_glass, uniq_edmund

Skill      XL: |  1  2  3  4  5  6 |
---------------+-------------------+-----
Fighting       | 4 5 |  5.0
Axes           | 4 5 6 |  6.8
Armour         | 3 4 |  4.2
Dodging        | |  2.9
Stealth        | |  0.2

Action                     |  1- 3 |  4- 6 || total
---------------------------+-------+-------++-------
  Melee: Hand axe          |    72 |    99 ||   171
         Headbutt          |     5 |    12 ||    17
         Punch             |     1 |       ||     1
 Invoke: Berserk           |     1 |     2 ||     3
 Armour: Animal skin       |     7 |       ||     7
         Ring mail         |    13 |     9 ||    22
         Scale mail        |       |    23 ||    23
         Chain mail        |       |    21 ||    21
  Dodge: Dodged            |    48 |    52 ||   100
